BSA
MAUI TROPICS @ IRVINE GANG GREEN
08/19/2029
 
TOP OF THE 1ST
Maui Tropics batting - Pitching for Irvine Gang Green : RHP Dae-ho Kim
Pitching: RHP Dae-ho Kim
Batting: LHB Don Hull 0-0: Foul Ball, location: 2F
0-1: Called Strike
0-2: Foul Ball, location: 2F
0-2: Strikes out swinging
Batting: LHB Dave Cook 0-0: Called Strike
0-1: Ball
1-1: Swinging Strike
1-2: Strikes out looking
Batting: RHB Jesús Espinoza 0-0: Ball
1-0: Called Strike
1-1: Foul Ball, location: 2F
1-2: Ball
2-2: Strikes out swinging
Top of the 1st over - 0 runs, 0 hits, 0 errors, 0 left on base; Maui 0 - Irvine 0
BOTTOM OF THE 1ST
Irvine Gang Green batting - Pitching for Maui Tropics : RHP Steve Floyd
Pitching: RHP Steve Floyd
Batting: LHB Leonardo Medina 0-0: Ball
1-0: Foul Ball, location: 2F
1-1: Called Strike
1-2: Ball
2-2: Ground out 4-3 (Groundball, 4)
Batting: LHB Tony Tavárez 0-0: Ground out 1-3 (Groundball, 13S)
Batting: RHB Buck Jones 0-0: Swinging Strike
0-1: Fly out, F9 (Flyball, 9S)
Bottom of the 1st over - 0 runs, 0 hits, 0 errors, 0 left on base; Maui 0 - Irvine 0
TOP OF THE 2ND
Maui Tropics batting - Pitching for Irvine Gang Green : RHP Dae-ho Kim
Batting: LHB Luis Antonio Torres 0-0: Fly out, F7 (Line Drive, 7)
Batting: LHB José Rivas 0-0: Called Strike
0-1: Fly out, F6 (Popup, 6D)
Batting: RHB Michael Woodruff 0-0: Ball
1-0: Ball
2-0: Called Strike
2-1: Swinging Strike
2-2: Ball
3-2: Foul Ball, location: 2F
3-2: Strikes out swinging
Top of the 2nd over - 0 runs, 0 hits, 0 errors, 0 left on base; Maui 0 - Irvine 0
BOTTOM OF THE 2ND
Irvine Gang Green batting - Pitching for Maui Tropics : RHP Steve Floyd
Batting: LHB Víctor Quiñones 0-0: Ball
1-0: Swinging Strike
1-1: Ball
2-1: Foul Ball, location: 2F
2-2: Foul Ball, location: 2F
2-2: Foul Ball, location: 2F
2-2: Foul Ball, location: 2F
2-2: Ball
3-2: SINGLE (Groundball, 34D)
Batting: RHB Tyler Wagner 0-0: Called Strike
0-1: Foul Ball, location: 2F
0-2: Ball
1-2: Ball
2-2: Strikes out swinging
Batting: RHB José Salazar 0-0: Ball
1-0: Ball
2-0: Ball
3-0: Called Strike
3-1: Called Strike
3-2: Base on Balls
Víctor Quiñones to second
Batting: LHB Dave Gordon 0-0: Called Strike
0-1: Swinging Strike
0-2: Ball
1-2: Ball
2-2: Fly out, F7 (Flyball, 7LM)
Batting: LHB José Sánchez 0-0: Ball
1-0: Ball
2-0: Called Strike
2-1: Called Strike
2-2: Ball
3-2: Ground out U3 (Groundball, 34S)
Bottom of the 2nd over - 0 runs, 1 hit, 0 errors, 2 left on base; Maui 0 - Irvine 0
TOP OF THE 3RD
Maui Tropics batting - Pitching for Irvine Gang Green : RHP Dae-ho Kim
Batting: RHB Matt Silver 0-0: Called Strike
0-1: Ball
1-1: Ground out 5-3 (Groundball, 5)
Batting: LHB Mark Everett 0-0: Called Strike
0-1: SINGLE (Groundball, 4D)
Batting: RHB John Brown 0-0: Swinging Strike
0-1: Called Strike
0-2: Ball
1-2: Strikes out looking
Batting: LHB Don Hull 0-0: SINGLE (Flyball, 7LS)
Mark Everett to second
Batting: LHB Dave Cook 0-0: Ball
1-0: Foul Ball, location: 2F
1-1: Foul Ball, location: 2F
1-2: Ball
2-2: Ball
3-2: Fly out, F8 (Flyball, 78M)
Top of the 3rd over - 0 runs, 2 hits, 0 errors, 2 left on base; Maui 0 - Irvine 0
BOTTOM OF THE 3RD
Irvine Gang Green batting - Pitching for Maui Tropics : RHP Steve Floyd
Batting: SHB Carlos Córdova 0-0: Fly out, F9 (Flyball, 9D)
Batting: LHB Leonardo Medina 0-0: Ball
1-0: Called Strike
1-1: Ball
2-1: Foul Ball, location: 2F
2-2: Strikes out swinging
Batting: LHB Tony Tavárez 0-0: Called Strike
0-1: Foul Ball, location: 2F
0-2: Ball
1-2: Ball
2-2: Ball
3-2: Foul Ball, location: 2F
3-2: Fly out, F7 (Flyball, 7)
Bottom of the 3rd over - 0 runs, 0 hits, 0 errors, 0 left on base; Maui 0 - Irvine 0
TOP OF THE 4TH
Maui Tropics batting - Pitching for Irvine Gang Green : RHP Dae-ho Kim
Batting: RHB Jesús Espinoza 0-0: Ball
1-0: DOUBLE (Line Drive, 8RD)
Batting: LHB Luis Antonio Torres 0-0: Swinging Strike
0-1: Called Strike
0-2: Ball
1-2: Strikes out swinging
Batting: LHB José Rivas 0-0: Called Strike
0-1: Ball
1-1: Ball
2-1: Foul Ball, location: 2F
2-2: Strikes out swinging
Batting: RHB Michael Woodruff 0-0: Swinging Strike
0-1: Foul Ball, location: 2F
0-2: Foul Ball, location: 2F
0-2: Foul Ball, location: 2F
0-2: Ball
1-2: Ground out 1-3 (Groundball, 15S)
Top of the 4th over - 0 runs, 1 hit, 0 errors, 1 left on base; Maui 0 - Irvine 0
BOTTOM OF THE 4TH
Irvine Gang Green batting - Pitching for Maui Tropics : RHP Steve Floyd
Batting: RHB Buck Jones 0-0: Ball
1-0: Ball
2-0: Called Strike
2-1: SINGLE (Groundball, 56D)
Batting: LHB Víctor Quiñones 0-0: Called Strike
0-1: Foul Ball, location: 2F
0-2: Ball
1-2: Foul Ball, location: 2F
1-2: Strikes out looking
Batting: RHB Tyler Wagner 0-0: Ball
1-0: Ball
2-0: Fly out, F9 (Flyball, 9LMF)
Batting: RHB José Salazar 0-0: Ball
1-0: Called Strike
1-1: Ball
2-1: Ball
3-1: Foul Ball, location: 2F
3-2: Foul Ball, location: 2F
3-2: Base on Balls
Buck Jones to second
Batting: LHB Dave Gordon 0-0: Ball
1-0: Called Strike
1-1: Swinging Strike
1-2: Strikes out swinging
Bottom of the 4th over - 0 runs, 1 hit, 0 errors, 2 left on base; Maui 0 - Irvine 0
TOP OF THE 5TH
Maui Tropics batting - Pitching for Irvine Gang Green : RHP Dae-ho Kim
Batting: RHB Matt Silver 0-0: Ball
1-0: Ball
2-0: Called Strike
2-1: Fly out, F7 (Line Drive, 7D)
Batting: LHB Mark Everett 0-0: Ball
1-0: Called Strike
1-1: Foul Ball, location: 2F
1-2: Foul Ball, location: 2F
1-2: Ball
2-2: Foul Ball, location: 2F
2-2: Foul Ball, location: 2F
2-2: Foul Ball, location: 2F
2-2: Strikes out swinging
Batting: RHB John Brown 0-0: Foul Ball, location: 2F
0-1: Swinging Strike
0-2: Strikes out looking
Top of the 5th over - 0 runs, 0 hits, 0 errors, 0 left on base; Maui 0 - Irvine 0
BOTTOM OF THE 5TH
Irvine Gang Green batting - Pitching for Maui Tropics : RHP Steve Floyd
Batting: LHB José Sánchez 0-0: Called Strike
0-1: Called Strike
0-2: Foul Ball, location: 2F
0-2: Ball
1-2: Ground out 4-3 (Groundball, 4)
Batting: SHB Carlos Córdova 0-0: Called Strike
0-1: Ball
1-1: Ball
2-1: Foul Ball, location: 2F
2-2: Fly out, F7 (Flyball, 7S)
Batting: LHB Leonardo Medina 0-0: Foul Ball, location: 2F
0-1: Swinging Strike
0-2: Ball
1-2: Ball
2-2: Ball
3-2: Fly out, F9 (Flyball, 9)
Bottom of the 5th over - 0 runs, 0 hits, 0 errors, 0 left on base; Maui 0 - Irvine 0
TOP OF THE 6TH
Maui Tropics batting - Pitching for Irvine Gang Green : RHP Dae-ho Kim
Batting: LHB Don Hull 0-0: Ball
1-0: Ball
2-0: Ball
3-0: Base on Balls
Batting: LHB Dave Cook 0-0: Ball
1-0: Foul Ball, location: 2F
1-1: Fly out, F9 (Flyball, 89S)
Batting: RHB Jesús Espinoza 0-0: Ball
1-0: SINGLE (Groundball, 34D)
Don Hull to second
Runner from 2nd tries for 3rd, SAFE, no throw
Batting: LHB Luis Antonio Torres 0-0: Swinging Strike
0-1: Foul Ball, location: 2F
0-2: Ball
1-2: DOUBLE (Line Drive, 8LD)
Don Hull scores
Jesús Espinoza to third
Batting: LHB José Rivas 0-0: Intentional Walk
Batting: RHB Michael Woodruff 0-0: Grounds into fielders choice 4-2 (Groundball, 4)
Luis Antonio Torres to third
José Rivas to second
Batting: RHB Matt Silver 0-0: Called Strike
0-1: Ball
1-1: Ball
2-1: Swinging Strike
2-2: Foul Ball, location: 2F
2-2: Fly out, F9 (Flyball, 9LMF)
Top of the 6th over - 1 run, 2 hits, 0 errors, 3 left on base; Maui 1 - Irvine 0
BOTTOM OF THE 6TH
Irvine Gang Green batting - Pitching for Maui Tropics : RHP Steve Floyd
Batting: LHB Tony Tavárez 0-0: Ball
1-0: Ball
2-0: Foul Ball, location: 2F
2-1: Foul Ball, location: 2F
2-2: Ball
3-2: Ground out U3 (Groundball, 3)
Batting: RHB Buck Jones 0-0: Called Strike
0-1: Ball
1-1: Ball
2-1: Ball
3-1: Base on Balls
Batting: LHB Víctor Quiñones 0-0: Ball
1-0: Ball
2-0: Ball
3-0: Called Strike
3-1: Base on Balls
Buck Jones to second
Batting: RHB Tyler Wagner 0-0: Foul Ball, location: 2F
0-1: Ball
1-1: Ball
2-1: Ball
3-1: Base on Balls
Buck Jones to third
Víctor Quiñones to second
Pitching: RHP Manny Benavides
Batting: RHB José Salazar 0-0: Ball
1-0: SINGLE (Groundball, 56D)
Buck Jones scores
Víctor Quiñones to third
Tyler Wagner to second
Batting: LHB Dave Gordon 0-0: DOUBLE (Groundball, 5L)
Víctor Quiñones scores
Tyler Wagner scores
José Salazar to third
Runner from 3rd tries for Home, SAFE, no throw
Batting: LHB José Sánchez 0-0: Ground out 4-3 (Groundball, 4)
Dave Gordon to third
Batting: SHB Carlos Córdova 0-0: Ball
1-0: Ball
2-0: Swinging Strike
2-1: Foul Ball, location: 2F
2-2: Ball
3-2: Base on Balls
Batting: LHB Leonardo Medina 0-0: Called Strike
0-1: Ball
1-1: Ball
2-1: Foul Ball, location: 2F
2-2: Foul Ball, location: 2F
2-2: Ball
3-2: Base on Balls
Carlos Córdova to second
Batting: LHB Tony Tavárez 0-0: Ball
1-0: Called Strike
1-1: Foul Ball, location: 2F
1-2: Strikes out looking
Bottom of the 6th over - 4 runs, 2 hits, 0 errors, 3 left on base; Maui 1 - Irvine 4
TOP OF THE 7TH
Maui Tropics batting - Pitching for Irvine Gang Green : RHP Dae-ho Kim
Batting: LHB Mark Everett 0-0: Swinging Strike
0-1: Foul Ball, location: 2F
0-2: Ball
1-2: Strikes out looking
Batting: RHB John Brown 0-0: Fly out, F8 (Flyball, 8LM)
Batting: LHB Don Hull 0-0: Ball
1-0: DOUBLE (Line Drive, 7D)
Batting: LHB Dave Cook 0-0: Called Strike
0-1: Foul Ball, location: 2F
0-2: Ball
1-2: Foul Ball, location: 2F
1-2: Ball
2-2: Foul Ball, location: 2F
2-2: Ball
3-2: DOUBLE (Line Drive, 7LS)
Don Hull scores
Pitching: RHP José Rojas
Batting: RHB Jesús Espinoza 0-0: Called Strike
0-1: Ball
1-1: SINGLE (Groundball, 56D)
Dave Cook to third
Pitching: LHP Yu-shu Kong
Batting: LHB Luis Antonio Torres 0-0: Ground out 5-3 (Groundball, 56S)
Top of the 7th over - 1 run, 3 hits, 0 errors, 2 left on base; Maui 2 - Irvine 4
BOTTOM OF THE 7TH
Irvine Gang Green batting - Pitching for Maui Tropics : RHP Manny Benavides
Batting: RHB Buck Jones 0-0: Ball
1-0: Ball
2-0: Called Strike
2-1: Foul Ball, location: 2F
2-2: SINGLE (Groundball, 4MD)
Batting: LHB Víctor Quiñones 0-0: Foul Ball, location: 2F
0-1: Foul Ball, location: 2F
0-2: Ball
1-2: Ball
2-2: Ball
3-2: SINGLE (Groundball, 34D)
Buck Jones to second
Buck Jones to third
Batting: RHB Tyler Wagner 0-0: Ground out 5-3 (Groundball, 56S)
Víctor Quiñones to second
Batting: RHB José Salazar 0-0: Called Strike
0-1: Ball
1-1: Foul Ball, location: 2F
1-2: Ball
2-2: Foul Ball, location: 2F
2-2: Ball
Wild Pitch!
Buck Jones scores
Víctor Quiñones to third
3-2: Base on Balls
Pitching: RHP Archie Summers
Batting: LHB Dave Gordon 0-0: Called Strike
0-1: Called Strike
0-2: Ball
1-2: Strikes out swinging
Batting: LHB José Sánchez 0-0: SINGLE (Groundball, 6MD)
Víctor Quiñones scores
José Salazar to second
Runner from 2nd tries for 3rd, SAFE after rundown.
Batting: SHB Carlos Córdova 0-0: Ball
1-0: Called Strike
1-1: Fielders Choice at 2nd, 6-4 (Groundball, 6)
Bottom of the 7th over - 2 runs, 3 hits, 0 errors, 2 left on base; Maui 2 - Irvine 6
TOP OF THE 8TH
Maui Tropics batting - Pitching for Irvine Gang Green : LHP Yu-shu Kong
Batting: LHB José Rivas 0-0: Ball
1-0: Called Strike
1-1: Ball
2-1: Swinging Strike
2-2: Ball
3-2: Fly out, F9 (Flyball, 9S)
Pitching: RHP Dae-hee Ch'oe
Batting: RHB Michael Woodruff 0-0: Ball
1-0: Ball
2-0: Fly out, F8 (Flyball, 8RM)
Batting: RHB Matt Silver 0-0: Called Strike
0-1: Fly out, F5 (Line Drive, 56)
Top of the 8th over - 0 runs, 0 hits, 0 errors, 0 left on base; Maui 2 - Irvine 6
BOTTOM OF THE 8TH
Irvine Gang Green batting - Pitching for Maui Tropics : RHP Archie Summers
Batting: LHB Leonardo Medina 0-0: Foul Ball, location: 2F
0-1: Called Strike
0-2: Ball
1-2: Foul Ball, location: 2F
1-2: Ball
2-2: Ball
3-2: Strikes out swinging, 2-3 out at first.
Batting: LHB Tony Tavárez 0-0: Ground out 4-3 (Groundball, 4S)
Batting: RHB Buck Jones 0-0: Ball
1-0: Foul Ball, location: 2F
1-1: Called Strike
1-2: Foul Ball, location: 2F
1-2: SINGLE (Groundball, 56D)
Batting: LHB Víctor Quiñones 0-0: Foul Ball, location: 2F
0-1: Ball
1-1: Foul Ball, location: 2F
1-2: Ball
2-2: SINGLE (Groundball, 3D)
Buck Jones to second
Runner from 2nd tries for 3rd, SAFE, no throw
Batting: RHB Tyler Wagner 0-0: Swinging Strike
0-1: Swinging Strike
0-2: Strikes out swinging
Bottom of the 8th over - 0 runs, 2 hits, 0 errors, 2 left on base; Maui 2 - Irvine 6
TOP OF THE 9TH
Maui Tropics batting - Pitching for Irvine Gang Green : RHP Dae-hee Ch'oe
Batting: LHB Mark Everett 0-0: Called Strike
0-1: Foul Ball, location: 2F
0-2: Strikes out swinging
Batting: RHB John Brown 0-0: Foul Ball, location: 2F
0-1: Ball
1-1: Swinging Strike
1-2: Fly out, F2 (Popup, 23F)
Batting: LHB Don Hull 0-0: Called Strike
0-1: Ball
1-1: Ground out 6-3 (Groundball, 6)
Top of the 9th over - 0 runs, 0 hits, 0 errors, 0 left on base; Maui 2 - Irvine 6
Saturday, December 16th, 2017 - OOTP Baseball 18.8 Build 76